 Dungeon Crawl Stone Soup version 0.17.1-3-g152610e (webtiles) character file.

353 maki32 the Slinger (level 6, -9/39 HPs)
             Began as a Halfling Hunter on Feb 19, 2016.
             Mangled by an orc warrior
             ... wielding a +0 glaive
              (26 damage)
             ... on level 5 of the Dungeon.
             The game lasted 00:28:09 (2505 turns).

maki32 the Slinger (Halfling Hunter)                Turns: 2505, Time: 00:28:09

Health: -9/39      AC:  6    Str: 12    XL:     6   Next: 94%
Magic:  6/6        EV: 15    Int: 10    God:
Gold:   143        SH:  0    Dex: 17    Spells: 0 memorised, 5 levels left

rFire  . . .     SeeInvis .     a - +2 hunting sling
rCold  . . .     Clarity  .     g - +1 leather armour
rNeg   + . .     SustAt   .     (shield restricted)
rPois  .         Gourm    +     r - +0 helmet
rElec  .         Spirit   .     (no cloak)
rCorr  .         Warding  .     (no gloves)
rMut   .         Stasis   .     C - +0 pair of boots
MR     .....                    s - amulet of the gourmand
Stlth  ++........               (no ring)
                                i - ring of positive energy

@: not resistant to hostile enchantments, unstealthy
A: mutation resistance 1
a: no special abilities


You were on level 5 of the Dungeon.
You were not hungry.

You visited 1 branch of the dungeon, and saw 5 of its levels.

You collected 143 gold pieces.

Inventory:

Hand Weapons
 a - a +2 hunting sling (weapon)
 b - a +0 short sword
 d - a +0 hunting sling
 m - a +0 scythe
Missiles
 h - 87 stones (quivered)
Armour
 c - a +0 leather armour
 g - a +1 leather armour (worn)
 n - a +0 robe of fire resistance
 q - a +0 animal skin
 r - a +0 helmet (worn)
 v - a +0 storm dragon armour
 C - a +0 pair of boots (worn)
Jewellery
 i - a ring of positive energy (left hand)
 p - a cursed ring of loudness {unknown}
 s - an amulet of the gourmand (around neck)
Scrolls
 k - a scroll of enchant armour
 t - a scroll of magic mapping
 z - a scroll of enchant weapon
 A - a scroll of remove curse
Potions
 f - a potion of poison {unknown}
 j - a potion of heal wounds {unknown}
 o - a potion of might {unknown}
 w - 2 potions of ambrosia {unknown}
 x - a potion of haste {unknown}
Books
 u - a book of Envenomations

   Spells                             Type                      Level
   a - Spider Form                    Transmutation/Poison         3
   b - Alistair's Intoxication        Transmutation/Poison         4
   c - Olgreb's Toxic Radiance        Poison                       4
   d - Poisonous Cloud                Conjuration/Poison/Air       6
 y - a book of the Warp

   Spells                             Type                      Level
   a - Recall                         Summoning/Translocation      3
   b - Gell's Gravitas                Hexes/Translocation          3
   c - Force Lance                    Conjuration/Translocation    4
   d - Phase Shift                    Translocation                5
   e - Warp Weapon                    Charms/Translocation         5
   f - Summon Forest                  Summoning/Translocation      5
Comestibles
 e - 3 bread rations
 B - a royal jelly


   Skills:
 + Level 1.8 Fighting
 + Level 10.2 Slings
 + Level 2.4 Armour
 + Level 2.3 Dodging
 + Level 1.3 Stealth


You had 5 spell levels left.
You didn't know any spells.

Dungeon Overview and Level Annotations

Branches:
Dungeon (5/15)
 Temple: D:4-7

Altars:
Cheibriados
The Shining One


Innate Abilities, Weirdness & Mutations

You are small and have problems with some larger weapons.
You are somewhat resistant to further mutation.


Message History

Firing (i - inventory):
h - 90 stones (quivered)
Press: ? - help, Shift-Dir - straight line, f/p - orc warrior
Aim: an orc warrior, wielding a glaive and wearing a chain mail (moderately wounded)
You shoot a stone. The stone hits the orc warrior.
The orc warrior is moderately wounded.
The orc warrior hits you from afar with a glaive!!
Ouch! That really hurt!
Firing (i - inventory):
h - 89 stones (quivered)
Press: ? - help, Shift-Dir - straight line, f/p - orc warrior
Aim: an orc warrior, wielding a glaive and wearing a chain mail (moderately wounded)
You shoot a stone.
The stone barely misses the orc warrior.
Firing (i - inventory):
h - 88 stones (quivered)
Press: ? - help, Shift-Dir - straight line, f/p - orc warrior
Aim: an orc warrior, wielding a glaive and wearing a chain mail (moderately wounded)
You shoot a stone. The stone hits the orc warrior.
The orc warrior is heavily wounded.
The orc warrior hits you from afar with a glaive!!
Ouch! That really hurt!
You die...

+......+ .... #....(.#
..# ..
###......##..##..
.(.....(.........
.......(...(.....
.......(.........
.......o.........
.........(.......
.......@..........
...................
....................
....................
....................
....................
...................>..
......................
.................#.#


You could see an orc warrior.

Vanquished Creatures
  Sigmund (D:2)
  An orc priest (D:3)
  An orc wizard (D:4)
  2 hound skeletons (D:4)
  Robin (D:2)
  2 adders
  A shadow imp (D:5)
  An ooze (D:1)
  3 adder skeletons (D:4)
  A giant gecko (D:5)
  6 orcs
  2 ball pythons (D:2)
  4 bats
  4 giant cockroaches (D:2)
  11 goblins
  9 hobgoblins
  3 kobolds
  A quokka (D:5)
  4 giant newts
  3 rats
61 creatures vanquished.

Notes
Turn   | Place    | Note
--------------------------------------------------------------
     0 | D:1      | maki32 the Halfling Hunter began the quest for the Orb.
     0 | D:1      | Reached XP level 1. HP: 14/14 MP: 1/1
    23 | D:1      | Reached skill level 6 in Slings
    71 | D:1      | Reached XP level 2. HP: 19/19 MP: 2/2
   347 | D:2      | Reached XP level 3. HP: 22/24 MP: 3/3
   352 | D:2      | Reached skill level 7 in Slings
   475 | D:2      | Found a snail-covered altar of Cheibriados.
  1030 | D:2      | Noticed Sigmund
  1066 | D:2      | Killed Sigmund
  1066 | D:2      | Reached skill level 9 in Slings
  1066 | D:2      | Reached XP level 4. HP: 4/29 MP: 4/4
  1066 | D:2      | Reached XP level 5. HP: 4/34 MP: 5/5
  1066 | D:2      | Reached XP level 6. HP: 4/39 MP: 6/6
  1126 | D:2      | Noticed Robin
  1131 | D:2      | Killed Robin
  2104 | D:4      | Reached skill level 10 in Slings
  2129 | D:4      | Found a glowing golden altar of the Shining One.
  2430 | D:5      | Entered Level 5 of the Dungeon
  2493 | D:5      | Noticed an orc warrior
  2505 | D:5      | Mangled by an orc warrior

Action                   |  1- 3 |  4- 6 || total
-------------------------+-------+-------++-------
Melee: Hunting sling     |       |     1 ||     1
 Fire: Hunting sling     |    76 |   114 ||   190
  Use: Scroll            |     3 |     7 ||    10
       Potion            |     1 |     1 ||     2
  Eat: Chunk             |       |     4 ||     4
       Bread ration      |       |     1 ||     1
